 Dungeon Crawl Stone Soup version 0.28.0-53-g5a82cb258f (webtiles) character file.

Game seed: 2905554919902686358

52986 Peloso the Tortoise (level 14, -6/133 HPs)
             Began as a Minotaur Fighter on Aug 10, 2022.
             Was a High Priest of Okawaru.
             Mangled by a death knight
             ... wielding a +3 battleaxe
              (14 damage)
             ... on level 13 of the Dungeon.
             The game lasted 00:38:08 (22593 turns).

Peloso the Tortoise (Minotaur Fighter)             Turns: 22593, Time: 00:38:09

Health: -6/133     AC: 27    Str: 28    XL:     14   Next: 29%
Magic:  13/15      EV: 12    Int:  5    God:    Okawaru [*****.]
Gold:   1461       SH:  8    Dex: 14    Spells: 13/13 levels left

rFire   . . .      SeeInvis .   a - +6 scimitar "Wiut Ony" {flame, rCorr}
rCold   . . .      Faith    .   e - +0 buckler
rNeg    . . .      Spirit   .   y - +0 plate armour
rPois   .          Reflect  .   (helmet restricted)
rElec   .          Harm     .   B - +0 cloak
rCorr   +          Rampage  .   H - +2 pair of gloves "Sejarhe" {Will+}
Will    ++...                   D - +0 pair of boots
Stlth   ..........              (no amulet)
HPRegen 0.32/turn               n - +6 ring of strength
MPRegen 0.14/turn               Q - +4 ring of slaying

@: heroic
A: horns 2, retaliatory headbutt
a: Renounce Religion, Heroism, Finesse, Duel


You were on level 13 of the Dungeon.
You worshipped Okawaru.
Okawaru was extremely pleased with you.
You visited 4 branches of the dungeon, and saw 19 of its levels.
You also visited: Bailey.

You collected 1598 gold pieces.
You spent 137 gold pieces at shops.

Inventory:

Hand Weapons
 a - the +6 scimitar "Wiut Ony" (weapon) {flame, rCorr}
   (You found it on level 10 of the Dungeon)

   It burns those it strikes, dealing additional fire damage.
   Big, fiery blades are also staple armaments of hydra-hunters.
   rCorr:     It protects you from acid and corrosion.
 b - a +1 demon blade of flaming
 c - a +1 long sword of venom
Missiles
 m - 5 throwing nets (quivered)
Armour
 e - a +0 buckler (worn)
 g - a +1 chain mail of fire resistance
 y - a +0 plate armour (worn)
 B - a +0 cloak (worn)
 D - a +0 pair of boots (worn)
 H - the +2 pair of gloves "Sejarhe" (worn) {Will+}
   (Okawaru gifted it to you on level 12 of the Dungeon)

   Will:      It increases your willpower.
Jewellery
 l - a ring of resist corrosion
 n - a +6 ring of strength (left hand)
 I - a +6 ring of dexterity
 L - a +4 ring of protection
 O - a ring of positive energy
 P - a ring of poison resistance
 Q - a +4 ring of slaying (right hand)
 R - a +6 ring of strength
 U - a ring of flight
 V - a +4 ring of protection
Wands
 w - a wand of iceblast (12)
 x - a wand of polymorph (4)
 A - a wand of flame (26)
 S - a wand of paralysis (9)
Scrolls
 f - 4 scrolls of enchant weapon
 i - 4 scrolls of fog
 k - a scroll of identify
 o - 2 scrolls of summoning {unknown}
 q - 3 scrolls of teleportation
 s - 3 scrolls of magic mapping
 u - a scroll of noise
 E - 7 scrolls of fear {unknown}
 J - 4 scrolls of enchant armour {unknown}
 K - a scroll of immolation
 M - 2 scrolls of amnesia {unknown}
Potions
 d - 2 potions of might
 h - 4 potions of magic
 j - 2 potions of berserk rage
 p - 4 potions of invisibility
 r - 2 potions of ambrosia
 t - 2 potions of resistance
 v - 2 potions of curing
 z - 4 potions of mutation
 C - a potion of brilliance
 F - 4 potions of heal wounds
 G - a potion of haste
 N - 7 potions of degeneration
 T - a potion of flight


   Skills:
 + Level 14.6(19.6) Fighting
 + Level 16.3(21.3) Long Blades
 + Level 16.5(21.5) Armour
 + Level 4.1(9.1) Dodging
 + Level 3.0(8.0) Stealth
 + Level 11.5(16.5) Shields
 + Level 3.8 Invocations
 + Level 1.9 Evocations


You had 13 spell levels left.
You didn't know any spells.
Your spell library contained the following spells:

 Spells                   Type           Power      Damage    Failure   Level
 Freeze                   Ice            0%         1d3       94%         1
 Magic Dart               Conj           0%         1d3       94%         1
 Pain                     Necr           0%         1d4       94%         1
 Sting                    Tmut/Pois      0%         1d3       94%         1
 Blink                    Tloc           0%         N/A       98%         2
 Corpse Rot               Necr/Air       0%         N/A       98%         2
 Poisonous Vapours        Pois/Air       0%         N/A       98%         2
 Confusing Touch          Hex            0%         N/A       100%        3
 Frozen Ramparts          Ice            0%         1d2       100%        3
 Lesser Beckoning         Tloc           0%         N/A       100%        3
 Mephitic Cloud           Conj/Pois/Air  0%         N/A       100%        3
 Vampiric Draining        Necr           0%         2d6       100%        3
 Fulminant Prism          Conj/Hex       0%         3d6       100%        4
 Hailstorm                Conj/Ice       0%         3d3       100%        4
 Iskenderun's Mystic Bla  Conj/Tloc      0%         2d3       100%        4
 Olgreb's Toxic Radiance  Pois           0%         N/A       100%        4
 Lee's Rapid Deconstruct  Erth           0%         3d5*      100%        5
 Manifold Assault         Tloc           0%         N/A       100%        5
 Yara's Violent Unravell  Hex/Tmut       0%         3d3       100%        5
 Enfeeble                 Hex            0%         N/A       100%        7
 Orb of Destruction       Conj           0%         9d5       100%        7
 Animate Skeleton         Necr           Unusable   N/A       N/A         1
 Call Imp                 Summ           Unusable   N/A       N/A         2
 Summon Guardian Golem    Hex/Summ       Unusable   N/A       N/A         3
 Spellforged Servitor     Conj/Summ      Unusable   N/A       N/A         7

Dungeon Overview and Level Annotations

Branches:
Dungeon (13/15)            Temple (1/1) D:4            Lair (3/6) D:9
  Snake (0/4) Lair:2          Orc (2/2) D:10            Elf (0/3) Orc:2
 Vaults (0/5) D:13         Bailey (visited)
  Swamp: Lair:2-4    Shoals: Lair:2-4

Altars:
Ashenzari
Cheibriados
Dithmenos
Elyvilon
Fedhas
Gozag
Hepliaklqana
Kikubaaqudgha
Makhleb
Nemelex Xobeh
Okawaru
Qazlal
Ru
Sif Muna
Trog
Uskayaw
Vehumet
Wu Jian
Xom
Yredelemnul
Zin
The Shining One
Beogh

Shops:
D:5 *   Orc:2 !::[?

Annotations:
D:3 1 runed translucent door, hitsuchi's ghost, amateur KoBe
D:6 3 runed translucent doors, hitsuchi's ghost, novice SpEn
D:11 3 runed translucent doors, Onni's ghost, journeyman TrAK
Lair:1 2 transporters, Quickbrownfox's ghost, journeyman OpIE


Innate Abilities, Weirdness & Mutations

You have a pair of horns on your head.
You reflexively headbutt those who attack you in melee.


Message History

You closely miss the death knight.
You headbutt the death knight, but do no damage.
You block the death knight's attack.
You slash the death knight! You burn the death knight.
Your headbutt misses the death knight.
The death knight is moderately wounded.
The death knight reflects your damage back at you!
You hit the death knight but do no damage.
The death knight is moderately wounded.
The death knight hits you but does no damage.
You slash the death knight! You burn the death knight.
You headbutt the death knight.
The death knight is heavily wounded.
The death knight reflects your damage back at you!
You block the freezing wraith's attack. The freezing wraith closely misses you.
The death knight hits you but does no damage.
You hit the death knight. You burn the death knight.
The death knight is severely wounded.
The death knight reflects your damage back at you!
The freezing wraith hits you. The freezing wraith freezes you!
The freezing wraith hits you! You block the death knight's attack.
You slash the death knight! You burn the death knight.
The death knight is almost dead.
The death knight reflects your damage back at you!
The freezing wraith hits you.
* * * LOW HITPOINT WARNING * * *
The freezing wraith freezes you!
* * * LOW HITPOINT WARNING * * *
The freezing wraith hits you but does no damage.
You hit the death knight. You burn the death knight.
The death knight is almost dead.
The death knight reflects your damage back at you!
* * * LOW HITPOINT WARNING * * *
The freezing wraith hits you.
* * * LOW HITPOINT WARNING * * *
The freezing wraith freezes you!
* * * LOW HITPOINT WARNING * * *
The freezing wraith hits you but does no damage.
The death knight hits you with a +3 battleaxe!
You die...

)......#........#........#######.
.......#........#........# #.
###....#........#........# #.
#....#........#........# #.
#....'........#........# ##
###..#........#........#
#..#........#........#
#..#...#'####p.......###
#..###.#....@WW).......#
#....#.#..###W#.......o#
#....#.#..#...#.......ยง#..
#....###..#...#.>......#..
#.........#...#........#...
#.........#####..#####.##'###
#................# #.......
#................# #.......
#................# #.......


You could see a death knight (reflects damage), 2 freezing wraiths and a wraith.

Vanquished Creatures
  Jorgrun (Orc:1)
  Rupert (D:13)
  A stone giant (Orc:2)
  Snorg (D:11)
  Harold (D:8)
  3 hydras
  4 boulder beetles
  2 ogre magi (Orc:2)
  A catoblepas (D:12)
  A death knight (D:11)
  6 death yaks
  Urug (D:11)
  A centaur warrior (D:13)
  12 two-headed ogres
  An orc high priest (Orc:2)
  2 deep trolls
  An orc knight (Orc:2)
  Pikel (D:9)
  5 cyclopes
  An orc sorcerer (Orc:1)
  A manticore (D:12)
  2 black mambas (Lair:3)
  Maurice (D:11)
  3 cane toads
  A gargoyle (D:12)
  Maggie (D:7)
  4 rime drakes
  An unseen horror (D:11)
  Psyche (D:9)
  6 komodo dragons
  A freezing wraith (D:11)
  10 trolls
  4 polar bears
  A hornet (D:8)
  8 blink frogs
  6 spriggans (Bailey)
  A shadow (D:8)
  5 yaks
  4 wyverns
  2 wraiths (D:11)
  2 basilisks
  11 humans
  3 steam dragons
  5 vampire mosquitoes
  2 wargs
  8 water moccasins
  A swamp drake (D:10)
  A black bear (D:8)
  3 ice beasts
  22 orc warriors
  26 ogres
  A wolf (D:8)
  2 centaurs
  A lemure (D:9)
  4 kobold brigands
  A gnoll sergeant (D:6)
  8 bullfrogs
  A scorpion (D:6)
  6 killer bees (D:9)
  5 wights (D:10)
  A howler monkey (D:8)
  An electric eel (D:8)
  3 centaur zombies
  2 hounds
  2 bullfrog zombies
  A gnoll shaman (D:10)
  2 jellies
  A centaur skeleton (D:6)
  11 orc priests
  An iguana (D:6)
  Jessica (D:3)
  Natasha (thrice) (D:4)
  A scorpion zombie (D:5)
  20 orc wizards
  A killer bee zombie (D:7)
  A howler monkey skeleton (D:7)
  8 adders
  8 gnolls
  2 shadow imps (D:8)
  2 white imps
  2 ufetubi
  2 worms
  A dart slug (D:2)
  94 orcs
  6 endoplasms
  4 giant cockroaches
  7 goblins
  5 hobgoblins
  7 jackals
  6 quokkas
  7 ball pythons
  6 bats
  5 frilled lizards
  6 kobolds
  9 rats
462 creatures vanquished.

Vanquished Creatures (others)
  An orc wizard (D:7)
  4 fungi
  2 plants
7 creatures vanquished.

Grand Total: 469 creatures vanquished

Notes
Turn   | Place    | Note
-------+----------+-------------------------------------------
     0 | D:1      | Peloso the Minotaur Fighter began the quest for the Orb.
     0 | D:1      | Reached XP level 1. HP: 19/19 MP: 0/0
   189 | D:1      | Reached XP level 2. HP: 27/27 MP: 1/1
   541 | D:1      | Reached XP level 3. HP: 32/33 MP: 2/2
   804 | D:2      | Reached XP level 4. HP: 29/41 MP: 3/3
  1078 | D:2      | Found a faded altar of an unknown god.
  1118 | D:2      | Reached skill level 1 in Dodging
  1591 | D:3      | Noticed hitsuchi's ghost (amateur KoBe)
  1595 | D:3      | Found a runed translucent door.
  1703 | D:3      | Noticed Jessica
  1725 | D:3      | Killed Jessica
  1817 | D:3      | Reached XP level 5. HP: 47/47 MP: 4/4
  1884 | D:3      | Found a hide-covered altar of Uskayaw.
  2137 | D:4      | Noticed Natasha
  2144 | D:4      | Killed Natasha
  2191 | D:4      | Noticed Natasha
  2195 | D:4      | Killed Natasha
  2214 | D:4      | Reached skill level 5 in Armour
  2508 | D:4      | Noticed Natasha
  2514 | D:4      | Killed Natasha
  2521 | D:4      | Reached XP level 6. HP: 49/55 MP: 5/5
  2604 | D:4      | Reached skill level 5 in Fighting
  2610 | D:4      | Reached skill level 5 in Long Blades
  2744 | D:4      | Found a staircase to the Ecumenical Temple.
  2979 | Temple   | Entered the Ecumenical Temple
  3166 | D:5      | Entered Level 5 of the Dungeon
  3214 | D:5      | Found a stormy altar of Qazlal.
  3214 | D:5      | Found a shadowy altar of Dithmenos.
  3214 | D:5      | Found a white marble altar of Elyvilon.
  3337 | D:5      | Found an iron altar of Okawaru.
  3345 | D:5      | Became a worshipper of Warmaster Okawaru
  3527 | D:5      | Reached XP level 7. HP: 61/61 MP: 6/6
  3557 | D:5      | Found Ennem Doc's General Store.
  3562 | D:5      | Bought a scroll of identify for 22 gold pieces
  3637 | D:5      | Found a glowing silver altar of Zin.
  4468 | D:6      | Reached skill level 5 in Shields
  4504 | D:6      | Reached * piety under Okawaru
  4753 | D:6      | Reached XP level 8. HP: 68/70 MP: 7/7
  4950 | D:6      | Found a runed translucent gate.
  5029 | D:6      | Found a runed translucent gate.
  5029 | D:6      | Noticed hitsuchi's ghost (novice SpEn)
  5030 | D:6      | Found a runed translucent gate.
  5030 | D:6      | Identified the +7 chain mail of the Seven Hells {+Blink
                  | rElec}
  5723 | D:7      | Noticed Maggie
  5735 | D:7      | Killed Maggie
  6143 | D:7      | Reached ** piety under Okawaru
  6144 | D:7      | Reached skill level 1 in Stealth
  6741 | D:7      | Identified the +4 ring mail of the Camelopard {rF+ rN+
                  | Str-5}
  7302 | D:8      | Reached XP level 9. HP: 78/78 MP: 8/8
  7349 | D:8      | Noticed Harold
  7373 | D:8      | Killed Harold
  7373 | D:8      | Reached *** piety under Okawaru
  7374 | D:8      | Reached skill level 10 in Long Blades
  7392 | D:8      | Noticed a polar bear
  7407 | D:8      | Reached skill level 1 in Invocations
  7413 | D:8      | Noticed a polar bear
  7804 | D:8      | Killed a polar bear
  7807 | D:8      | Reached XP level 10. HP: 69/86 MP: 7/9
  8326 | D:8      | Reached **** piety under Okawaru
  8679 | D:9      | Noticed Pikel
  8703 | D:9      | Killed Pikel
  8704 | D:9      | Reached skill level 10 in Armour
  8917 | D:9      | Noticed a two-headed ogre
  8931 | D:9      | Killed a two-headed ogre
  9032 | D:9      | Reached ***** piety under Okawaru
  9115 | D:9      | Noticed a boulder beetle
  9139 | D:9      | Killed a boulder beetle
  9298 | D:9      | Found a staircase to the Lair.
  9335 | D:9      | Noticed a two-headed ogre
  9348 | D:9      | Killed a two-headed ogre
  9348 | D:9      | Received a gift from Okawaru
  9802 | D:9      | Noticed Psyche
  9808 | D:9      | Killed Psyche
  9809 | D:9      | Reached XP level 11. HP: 97/97 MP: 8/11
 10193 | D:10     | Entered Level 10 of the Dungeon
 10220 | D:10     | Identified the +6 scimitar "Wiut Ony" {flame, rCorr}
 10253 | D:10     | Found a flagged portal.
 10275 | Bailey   | Entered a bailey
 10309 | Bailey   | Received a gift from Okawaru
 10496 | Bailey   | Identified the +10 flail of Gitsol {vorpal, rC+ rN+ Int-5}
 10714 | Bailey   | Noticed a two-headed ogre
 10722 | Bailey   | Killed a two-headed ogre
 11055 | D:10     | Noticed a six-headed hydra
 11064 | D:10     | Killed a two-headed hydra
 11240 | D:10     | Reached skill level 10 in Fighting
 11519 | D:10     | Found a staircase to the Orcish Mines.
 11718 | D:11     | Found an opulent altar of Gozag.
 11994 | D:11     | Noticed a two-headed ogre
 11999 | D:11     | Killed a two-headed ogre
 12111 | D:11     | Noticed Snorg
 12121 | D:11     | Killed Snorg
 12294 | D:11     | Noticed Maurice
 12295 | D:11     | Noticed Urug
 12299 | D:11     | Noticed a boulder beetle
 12300 | D:11     | Killed Maurice
 12307 | D:11     | Killed Urug
 12307 | D:11     | Received a gift from Okawaru
 12319 | D:11     | Killed a boulder beetle
 12320 | D:11     | Reached XP level 12. HP: 78/107 MP: 10/13
 12900 | D:11     | Found a runed translucent gate.
 12900 | D:11     | Found a runed translucent gate.
 12901 | D:11     | Found a runed translucent gate.
 12903 | D:11     | Noticed Onni's ghost (journeyman TrAK)
 12984 | Lair:1   | Entered Level 1 of the Lair of Beasts
 13067 | Lair:1   | Found a transporter.
 13183 | Lair:1   | Noticed Quickbrownfox's ghost (journeyman OpIE)
 13184 | Lair:1   | Identified the ring of Midsummer {rElec Will+ Str-2 SInv}
 13188 | Lair:1   | Found a transporter.
 13194 | Lair:1   | Found a bloodstained altar of Trog.
 13409 | Lair:1   | You fall into a shaft and drop 1 floor!
 13493 | Lair:2   | Reached skill level 1 in Evocations
 14190 | Lair:2   | Found a staircase to the Snake Pit.
 15102 | Lair:3   | Noticed a death yak
 15117 | Lair:3   | Killed a death yak
 15130 | Lair:3   | Noticed a death yak
 15133 | Lair:3   | Noticed a death yak
 15133 | Lair:3   | Noticed a death yak
 15133 | Lair:3   | Noticed a four-headed hydra
 15139 | Lair:3   | Killed a death yak
 15139 | Lair:3   | Received a gift from Okawaru
 15144 | Lair:3   | Noticed a death yak
 15144 | Lair:3   | Noticed a death yak
 15151 | Lair:2   | Killed a two-headed hydra
 15156 | Lair:2   | Killed a death yak
 15163 | Lair:2   | Killed a death yak
 15533 | Lair:3   | Killed a death yak
 15538 | Lair:3   | Killed a death yak
 15539 | Lair:3   | Reached skill level 15 in Long Blades
 15542 | Lair:3   | Reached ****** piety under Okawaru
 15542 | Lair:3   | Identified the +10 triple sword "Arcanum" {protect, Fly}
                  | (Okawaru gifted it to you on level 3 of the Lair of Beasts)
 15542 | Lair:3   | Received a gift from Okawaru
 15898 | Lair:3   | Reached XP level 13. HP: 118/118 MP: 14/14
 16400 | Orc:1    | Entered Level 1 of the Orcish Mines
 16820 | Orc:2    | Entered Level 2 of the Orcish Mines
 16841 | Orc:2    | Reached skill level 15 in Armour
 17277 | Orc:2    | Noticed a stone giant
 17294 | Orc:2    | Reached skill level 10 in Shields
 17295 | Orc:2    | Identified the +6 quick blade of Vuesevy {freeze, rF+}
                  | (Okawaru gifted it to you on level 2 of the Orcish Mines)
 17295 | Orc:2    | Received a gift from Okawaru
 17301 | Orc:2    | Killed a stone giant
 18921 | Orc:2    | Found Suhoam's Book Shoppe.
 18923 | Orc:2    | Found Ykimuit's Book Boutique.
 18924 | Orc:2    | Found Eroawk's Magic Scroll Boutique.
 18924 | Orc:2    | Found Qaunk's Antique Armour Shop.
 18945 | Orc:2    | Bought a scroll of fog for 30 gold pieces
 18976 | Orc:2    | Identified the +3 hunting sling of Yvynneeh {freeze, Dex+3
                  | SInv Stlth+} (Okawaru gifted it to you on level 2 of the
                  | Orcish Mines)
 18976 | Orc:2    | Received a gift from Okawaru
 19236 | Orc:2    | Found Wyathala's Distillery.
 19244 | Orc:2    | Bought a potion of heal wounds for 85 gold pieces
 19384 | Orc:2    | Found a staircase to the Elven Halls.
 19614 | Orc:1    | Noticed Jorgrun
 20022 | Orc:1    | Killed Jorgrun
 20523 | D:12     | Reached XP level 14. HP: 124/132 MP: 15/15
 21235 | D:12     | You fall into a shaft and drop 1 floor!
 21235 | D:13     | Noticed Rupert
 21235 | D:13     | Found a gate to the Vaults.
 21272 | D:13     | HP: 4/133 [freezing wraith[a death knight] (12)]
 21482 | D:13     | Paralysed by Rupert for 4 turns
 21518 | D:12     | Identified the +2 pair of gloves "Sejarhe" {Will+} (Okawaru
                  | gifted it to you on level 12 of the Dungeon)
 21518 | D:12     | Received a gift from Okawaru
 22433 | D:13     | Killed Rupert
 22593 | D:13     | Mangled by a death knight

Illustrated notes

Levels and vault maps discovered:
D:1:      grunt_arrival_lava_bath, layout_basic
D:2:      layout_loops_ring, shapermc_ecumenical_altar_mp_highgroup
D:3:      layout_basic, nicolae_uskayaw_suspiria,
          hellmonk_ghost_happy_afterlife, feat_on_display, uniq_jessica
D:4:      layout_basic, minmay_temple_entry_wispy, uniq_natasha
D:5:      layout_cave_pools, okawaru_ov_weapons_minmay,
          chequers_temple_overflow_statue_of_worship,
          mainiacjoe_overflow_cross_hatched, serial_shops,
          nicolae_shop_hallway_stairs, st_stairs_2, serial_bayou_ford_a,
          chequers_serial_rivers_small_b, dk_rats_in_the_wall
D:6:      layout_layer_cave, biasface_ghost_orc_armoury
D:7:      layout_basic, uniq_maggie
D:8:      layout_loops_ring, serial_ice, serial_ice_m, serial_ice_k,
          serial_ice_g, serial_ice_h, uniq_harold
D:9:      layout_roguey, lair_entry_dummy, uniq_pikel, uniq_psyche
D:10:     layout_rooms, erik_orc_1, enter_bailey_2, kennysheep_small_circle
D:11:     layout_cave_pods, gammafunk_ghost_spectres, grunt_gozag_statues,
          uniq_snorg, uniq_urug, uniq_maurice
D:12:     layout_big_octagon, blue_anna_alchemist
D:13:     layout_irregular_city, david_vaults_3, led_sif_book
Temple:   eino_temple_rhombus
Lair:1:   layout_small_grid, gammafunk_ghost_wrathful_warriors,
          infiniplex_staircase_pool_2
Lair:2:   layout_cave_shapes, dummy_snake_entry
Lair:3:   layout_long_grid, grunt_megastairs_4
Orc:1:    layout_caves, uniq_jorgrun
Orc:2:    st_orc_open, layout_diamond_mine, serial_shops,
          nicolae_shop_hallway_stairs, uniq_rupert

Skill      XL: |  1  2  3  4  5  6  7  8  9 10 11 12 13 14 |
---------------+-------------------------------------------+-----
Armour         | 4 5 6 7 9 10 12 14 15 16 | 16.5
Fighting       | 4 5 6 7 9 10 12 14 | 14.6
Long Blades    | 3 4 5 7 8 11 12 14 15 16 | 16.3
Dodging        | 1 2 3 4 |  4.1
Shields        | 4 5 6 7 8 9 10 11 | 11.5
Stealth        | 1 2 3 |  3.0
Invocations    | 1 2 3 |  3.8
Evocations     | 1 |  1.9

Action                   |  1- 3 |  4- 6 |  7- 9 | 10-12 | 13-15 || total
-------------------------+-------+-------+-------+-------+-------++-------
Melee: Long sword        |    49 |   135 |   211 |   175 |       ||   570
       Headbutt          |     7 |    25 |    55 |   107 |    65 ||   259
       Scimitar          |       |       |       |   289 |   346 ||   635
Invok: Heroism           |       |       |     5 |    22 |    14 ||    41
       Finesse           |       |       |       |       |     1 ||     1
Evoke: Wand              |       |       |       |     6 |     1 ||     7
  Use: Scroll            |       |     5 |     9 |     4 |    11 ||    29
       Potion            |       |       |     2 |       |     3 ||     5
Armor: Scale mail        |    16 |    86 |    22 |       |       ||   124
       Plate armour      |       |       |    70 |   190 |   224 ||   484
       Chain mail        |       |       |     4 |       |       ||     4
       Skin              |       |       |       |     1 |       ||     1
Dodge: Dodged            |    19 |    90 |    91 |   149 |   153 ||   502
Block: Buckler           |    11 |    48 |    55 |   104 |   126 ||   344
